 Dungeon Crawl Stone Soup version 0.21.1-1-g345015f (webtiles) character file.

96 Fang the Chopper (level 4, 0/29 HPs)
             Began as a Gargoyle Berserker on May 23, 2018.
             Was a Believer of Trog.
             Slain by a worm (2 damage)
             ... on level 2 of the Dungeon.
             The game lasted 00:02:39 (1517 turns).

Fang the Chopper (Gargoyle Berserker)               Turns: 1517, Time: 00:02:39

Health: 0/29       AC:  5    Str: 22    XL:     4   Next: 67%
Magic:  4/4        EV: 12    Int:  7    God:    Trog [**....]
Gold:   75         SH:  0    Dex: 12    Spells: 3/3 levels left

rFire    . . .     SeeInvis +   a - +0 hand axe
rCold    . . .     Gourm    .   (no shield)
rNeg     + . .     Faith    .   b - +0 animal skin
rPois    ∞         Spirit   .   (no helmet)
rElec    +         Reflect  .   (no cloak)
rCorr    .         Harm     .   (no gloves)
MR       .....                  (no boots)
Stlth    +.........             (no amulet)
HPRegen  0.09/turn              d - ring of see invisible
MPRegen  0.09/turn              j - +3 ring of dexterity

@: no status effects
A: negative energy resistance 1, electricity resistance, unbreathing,
petrification resistance, rot immunity, AC +3
a: Berserk, Trog's Hand, Burn Spellbooks, Renounce Religion


You were on level 2 of the Dungeon.
You worshipped Trog.
Trog was pleased with you.
You were near starving.

You visited 1 branch of the dungeon, and saw 2 of its levels.

You collected 75 gold pieces.

Inventory:

Hand Weapons
 a - a +0 hand axe (weapon)
Armour
 b - a +0 animal skin (worn)
Jewellery
 d - a ring of see invisible (left hand)
 j - a +3 ring of dexterity (right hand)
Scrolls
 e - 2 scrolls of teleportation {unknown}
 f - 3 scrolls of identify {unknown}
 g - a scroll of magic mapping {unknown}
Potions
 h - a potion of curing {unknown}
 i - a potion of agility {unknown}
 k - a potion of haste {unknown}
 l - a potion of flight {unknown}
Comestibles
 c - 6 rations


   Skills:
 + Level 3.9 Fighting
 + Level 4.1 Axes
 + Level 2.3 Armour
 + Level 2.0 Dodging


You had 3 spell levels left.
You didn't know any spells.

Dungeon Overview and Level Annotations

Branches:
Dungeon (2/15)

Altars:
Uskayaw


Innate Abilities, Weirdness & Mutations

You are resistant to torment.
Your stone body is resilient. (AC +3)
You are immune to poison.
You resist negative energy. (rN+)
You are resistant to electric shocks. (rElec)
You can survive without breathing.
You are immune to petrification.
You are immune to rotting.


Message History

You slash the worm!
The worm is almost dead.
You hit the worm. You completely miss the rat.
You hit the adder but do no damage. The adder barely misses you.
The rat bites you.
* * * LOW HITPOINT WARNING * * *
The adder misses you.
You hit the worm.
You kill the worm!
Trog accepts your kill.
You hit the worm but do no damage. You hit the rat.
You kill the rat!
Trog accepts your kill.
You miss the adder. The adder bites you.
* * * LOW HITPOINT WARNING * * *
The worm barely misses you. The adder barely misses you.
You see here a worm corpse.
The worm bites you.
You die...

..
#......##.########.#
#.#.####..... ..
#.#.####†.###.# ##
#.#............
##.####.#.#.....
###...........##..
#.........#...#
#.....wS......!..
..$....@..#..$#..
........#.##.#_#..
..#....##.# ..#...
....... ... .)..
.##.##. ... .. ...
.. ..# ### ## .#


You could see a worm and an adder.

Vanquished Creatures
  A worker ant (D:2)
  2 adders (D:2)
  4 oozes
  A worm (D:2)
  2 dart slugs
  A leopard gecko (D:2)
  A ball python (D:2)
  3 goblins (D:1)
  3 hobgoblins (D:1)
  5 kobolds
  A quokka (D:2)
  4 bats
  A frilled lizard (D:2)
  5 rats
34 creatures vanquished.

Notes
Turn   | Place    | Note
-------+----------+-------------------------------------------
     0 | D:1      | Fang the Gargoyle Berserker began the quest for the Orb.
     0 | D:1      | Reached XP level 1. HP: 14/14 MP: 1/1
    22 | D:1      | Reached XP level 2. HP: 19/19 MP: 2/2
    68 | D:1      | Reached skill level 3 in Axes
   325 | D:1      | Reached XP level 3. HP: 24/24 MP: 3/3
   909 | D:2      | Reached ** piety under Trog
   909 | D:2      | Reached XP level 4. HP: 29/29 MP: 4/4
   953 | D:2      | Found a hide-covered altar of Uskayaw.
  1321 | D:2      | Reached skill level 4 in Axes
  1500 | D:2      | Found a faded altar of an unknown god.
  1517 | D:2      | Slain by a worm

Skill      XL: |  1  2  3  4 |
---------------+-------------+-----
Axes           | 3 4 |  4.1
Dodging        | 2 |  2.0
Fighting       | |  3.9
Armour         | |  2.3

Action                   |  1- 3 |  4- 6 || total
-------------------------+-------+-------++-------
Melee: Hand axe          |    73 |    38 ||   111
Invok: Berserk           |     1 |     2 ||     3
  Eat: Chunk             |     1 |     2 ||     3
Armor: Animal skin       |    33 |    25 ||    58
Dodge: Dodged            |    55 |    33 ||    88
